[Event "*** Titled Tuesday Blitz"]
[Site "Chess.com"]
[Date "2021.02.09"]
[Round "3"]
[White "OriTaichman"]
[Black "krasavetc"]
[Result "1-0"]
[WhiteElo "2535"]
[BlackElo "2353"]
[TimeControl "180+1"]
[EndTime "10:28:49 PST"]
[Termination "OriTaichman won by checkmate"]

1. e4 c5 2. Nf3 Nc6 3. Bb5 g6 4. c3 Bg7 5. d4 a6 6. Ba4 Nf6 7.
e5 Nd5 8. dxc5 Nc7 9. Bxc6 bxc6 10. O-O O-O 11. c4 Ne6 12. Be3 a5 13. Nc3 Qc7 14.
Re1 a4 15. Nxa4 Qa5 16. b3 Ra7 17. Qd2 Qc7 18. Bh6 Ba6 19. Bxg7 Kxg7 20. Re4 h5 21. Ng5 Rfa8 22. Nxe6+ dxe6 23. Rd1 Rb8 24. Nb6 Bc8 25. a4 Rxb6 26. cxb6 Qxb6 27. Qd3 c5 28. g4 Bb7 29.
Rf4 g5 30. Rxf7+ Kxf7 31. Qh7+ Kf8 32. gxh5 Ra8 33. h6 Qc6 34. Qg7+ Ke8 35. Qg8# 1-0

[Event "*** Titled Tuesday Blitz"]
[Site "Chess.com"]
[Date "2021.02.09"]
[Round "3"]
[White "Jospem"]
[Black "Witik"]
[Result "1-0"]
[WhiteElo "3046"]
[BlackElo "2714"]
[TimeControl "180+1"]
[EndTime "10:28:50 PST"]
[Termination "Jospem won by resignation"]

1. e4 c6 2. Nf3 d5 3. d3 Bg4 4. Nbd2 e6 5. h3 Bh5 6. Qe2 Nf6 7. g4 Bg6 8. h4 h6 9. h5 Bh7 10. g5 hxg5 11. Nxg5 dxe4 12. dxe4 Qa5 13. f4 Nbd7 14. c3 Be7 15. Ndf3 Bg8 16. Bd2 O-O-O 17. Nd4 Ne8 18.
Nb3 Qc7 19. O-O-O Nd6 20. Nf3 Bh7 21. e5 Nf5 22. Be1 Nb6 23. Nfd4 Nd5 24. Nxf5 Bxf5 25.
Qf3 g5 26. hxg6 Rxh1 27. Qxh1 fxg6 28. Bd2 c5 29. Qf3 a6 30. Bh3 Kb8 31. Bxf5 gxf5 32. c4 Nb6 33. Ba5 Qc6 34. Qxc6 Rxd1+ 35. Kxd1 1-0

[Event "*** Titled Tuesday Blitz"]
[Site "Chess.com"]
[Date "2021.02.09"]
[Round "3"]
[White "Atco84"]
[Black "superchess02"]
[Result "0-1"]
[WhiteElo "2505"]
[BlackElo "2788"]
[TimeControl "180+1"]
[EndTime "10:28:50 PST"]
[Termination "superchess02 won by checkmate"]

1. b3 d5 2. Bb2 Nc6 3. Nf3 Bg4 4. e3 a6 5. h3 Bxf3 6. Qxf3 e5 7.
d4 e4 8. Qd1 f5 9. Be2 Nf6 10.
c4 Bb4+ 11. Bc3 Bd6 12. O-O Qd7 13. a3 O-O 14. b4 dxc4 15. Bxc4+ Kh8 16. Nd2 b5 17.
Be2 Ne7 18. Nb3 Ned5 19. Bd2 f4 20. exf4 Bxf4 21. Re1 e3 22. fxe3 Bxe3+ 23. Bxe3 Nxe3 24. Qd2 Nfd5 25. Bd3 Rae8 26. Nc5 Qd6 27. Re2 Nf4 28.
Rxe3 Qxd4 29. Re1 Nd5 30. Nb3 Qb6 31. Nc5 Nxe3 32. Rxe3 Qf6 33. Rxe8 Rxe8 34. Be4 Rd8 35. Qe2 h6 36. Qg4 a5 37. h4 axb4 38. axb4 Rf8 39. Kh1 Qd6 40. Qg6 Rf1# 0-1

[Event "*** Titled Tuesday Blitz"]
[Site "Chess.com"]
[Date "2021.02.09"]
[Round "3"]
[White "Gerasimenyuk_Miha"]
[Black "1977Ivan"]
[Result "0-1"]
[WhiteElo "2427"]
[BlackElo "2674"]
[TimeControl "180+1"]
[EndTime "10:28:50 PST"]
[Termination "1977Ivan won by resignation"]

1. d4 Nf6 2. Nf3 g6 3. Bg5 Bg7 4. e3 d6 5. Nbd2 h6 6. Bf4 g5 7. Bg3 Nh5 8. c3 Nd7 9. Bc4 e6 10. Qc2 a6 11. Bxe6 fxe6 12. Qg6+ Kf8 13. Qxh5 Nf6 14.
Qg6 Bd7 15. O-O Qe7 16. Qd3 Kg8 17. e4 Nh5 18. e5 d5 19. b3 Rf8 20. h3 Qe8 21. Nh2 Bb5 22. c4 Bc6 23. cxd5 Bxd5 24. Rac1 Qf7 25. Ng4 Qf5 26. Qxf5 exf5 27. Ne3 Be6 28.
d5 Bc8 29. Bh2 f4 30. Ng4 Rf7 31. e6 Re7 32. Ne4 Kh7 33. Rc4 Rd8 34. f3 Rxd5 35.
Rfc1 c6 36. Rc5 Bxe6 37. Rxd5 Bxd5 38. Ngf2 Bd4 39. g4 fxg3 0-1

[Event "*** Titled Tuesday Blitz"]
[Site "Chess.com"]
[Date "2021.02.09"]
[Round "3"]
[White "Anna_ChessMate"]
[Black "Unknown_IM"]
[Result "1-0"]
[WhiteElo "2551"]
[BlackElo "2372"]
[TimeControl "180+1"]
[EndTime "10:28:50 PST"]
[Termination "Anna_ChessMate won by resignation"]

1. e4 e5 2. Nf3 Nc6 3. Bb5 a6 4. Ba4 Nf6 5. O-O Be7 6. d4 exd4 7. e5 Ne4 8. Bb3 Nc5 9. Bd5 Ne6 10. Re1 O-O 11.
Nbd2 d6 12. Bxc6 bxc6 13. exd6 cxd6 14. Ne4 c5 15. Ng3 Bb7 16. Nf5 Bf6 17. h3 Re8 18.
Nh2 g6 19. Nh6+ Kf8 20. Qd3 Bg5 21. N2g4 Bxc1 22. Raxc1 Qg5 23. Qg3 Rad8 24. Rxe6 Rxe6 25. f4 Qd5 26. Rf1 Re2 27. Rf3 Kg7 28. f5 Rde8 29.
Qh4 Rxg2+ 30. Kh1 Rg1+ 31. Kxg1 Qxf3 32. Qf6+ 1-0

[Event "*** Titled Tuesday Blitz"]
[Site "Chess.com"]
[Date "2021.02.09"]
[Round "3"]
[White "Lion-Al-Messi"]
[Black "Alex-11211"]
[Result "1-0"]
[WhiteElo "2552"]
[BlackElo "2361"]
[TimeControl "180+1"]
[EndTime "10:28:50 PST"]
[Termination "Lion-Al-Messi won by resignation"]

1. e4 c5 2. Nf3 g6 3. d4 Bg7 4. d5 d6 5. Be2 Nf6 6. Nc3 O-O 7. a4 e5 8. dxe6 Bxe6 9. O-O Nc6 10. Bg5 h6 11. Bh4 a6 12. Qd2 Qb6 13. Rab1 Rad8 14. Nd5 Bxd5 15. exd5 Ne7 16. c4 Nf5 17. Bxf6 Bxf6 18.
Bd3 Nd4 19. Nxd4 Bxd4 20. Qxh6 Rfe8 21. Bxg6 fxg6 22. Qxg6+ Bg7 23. b4 cxb4 24. Rb3 Qc7 25. Rh3 Qf7 26. Qh7+ Kf8 27. Rf3 Bf6 28. Qh6+ Ke7 29. h3 Kd7 30. Rxf6 Qe7 31. Re6 Qf8 32. Qg6 Rxe6 33. Qxe6+ Kc7 34. Qe3 a5 35. Qg3 b6 36.
f4 Qf6 37. f5 Qd4+ 38. Kh2 Qf6 39. Qf3 Rf8 40. Qe3 Qe5+ 41. Qxe5 dxe5 42. g4 Kd6 43. g5 e4 44. f6 e3 45. Re1 Ke5 46. Rxe3+ Kf4 47. Rg3 b3 48. Rxb3 Kxg5 49. Rxb6 Rc8 50. Rc6 Rb8 51. d6 1-0

[Event "*** Titled Tuesday Blitz"]
[Site "Chess.com"]
[Date "2021.02.09"]
[Round "3"]
[White "OlifantCZ"]
[Black "alejogarcia1999"]
[Result "1-0"]
[WhiteElo "2260"]
[BlackElo "2435"]
[TimeControl "180+1"]
[EndTime "10:28:50 PST"]
[Termination "OlifantCZ won by resignation"]

1. c4 Nf6 2. g3 g6 3. Bg2 Bg7 4. Nc3 O-O 5. e4 d6 6. Nge2 e5 7. O-O a5 8. b3 Na6 9. h3 Be6 10. d4 c5 11. dxe5 dxe5 12. Nd5 Bxd5 13. exd5 Ne8 14.
Bb2 Nd6 15. f4 Qe7 16. fxe5 Bxe5 17. Bxe5 Qxe5 18. Nf4 Qe3+ 19. Kh2 Rae8 20. Re1 Qf2 21. Rf1 Qb2 22. Qc1 Qd4 23. Qa3 b6 24. Rad1 Qe3 25.
Qc1 Nb4 26. a3 Na2 27. Qxe3 Rxe3 28. Rf3 Rfe8 29. Ra1 Nc3 30. Kg1 Re1+ 31. Rxe1 Rxe1+ 32. Kf2 Rc1 33. Ne2 Rc2 34. Rxc3 Ra2 35. a4 Nf5 36.
Kf1 Ra1+ 37. Rc1 Nxg3+ 38. Kf2 Ra2 39. Kxg3 Rxe2 40. Rc3 Kf8 41. Bf3 Re1 42. Kf2 Rb1 43.
Re3 Rb2+ 44. Ke1 Rb1+ 45. Bd1 b5 46. axb5 a4 47. bxa4 Rb4 48. Be2 Rb1+ 49. Kf2 Rb2 50. d6 1-0

[Event "*** Titled Tuesday Blitz"]
[Site "Chess.com"]
[Date "2021.02.09"]
[Round "3"]
[White "Rud_Makarian"]
[Black "johnathan113"]
[Result "1-0"]
[WhiteElo "2845"]
[BlackElo "2612"]
[TimeControl "180+1"]
[EndTime "10:28:51 PST"]
[Termination "Rud_Makarian won on time"]

1. d4 Nf6 2. c4 g6 3. Nc3 Bg7 4. e4 O-O 5. Be2 d6 6. Be3 Na6 7. Nf3 e5 8. d5 Ng4 9. Bg5 f6 10. Bh4 c5 11. Nd2 Nh6 12. g4 Nf7 13. Bg3 Bh6 14. h4 Bd7 15. a3 Nc7 16. Qc2 a6 17. b4 b5 18. bxc5 dxc5 19. Nb3 Qe7 20.
Rd1 bxc4 21. Bxc4 Nd6 22. Be2 Ncb5 23. Nxb5 axb5 24. g5 fxg5 25. h5 Bg7 26. hxg6 hxg6 27. Qxc5 Rfc8 28. Qe3 Rxa3 29. O-O b4 30. Ra1 Rc3 31.
Rxa3 Rxe3 32. Ra8+ Kh7 33. fxe3 Nxe4 34. Be1 g4 35.
Kg2 Bf5 36. Rh1+ Bh6 37. Na5 Qd7 38. Nc6 1-0

[Event "*** Titled Tuesday Blitz"]
[Site "Chess.com"]
[Date "2021.02.09"]
[Round "3"]
[White "ChessAdvanceUSA"]
[Black "LilRag"]
[Result "0-1"]
[WhiteElo "2286"]
[BlackElo "2580"]
[TimeControl "180+1"]
[EndTime "10:28:51 PST"]
[Termination "LilRag won on time"]

1. Nf3 Nf6 2. d4 e6 3. Bg5 d5 4.
Nbd2 c5 5. e3 Nc6 6. c3 h6 7. Bxf6 Qxf6 8. Bb5 Bd7 9. Bxc6 Bxc6 10. Ne5 Rc8 11. Nxc6 Rxc6 12. O-O Bd6 13. dxc5 Bxc5 14.
e4 dxe4 15. Nxe4 Qe7 16. Nxc5 Rxc5 17. Qd4 O-O 18. Rad1 Rfc8 19. Qd7 Qxd7 20. Rxd7 Rb5 21. Rd2 Rcc5 22. Rfd1 Kh7 23. Kf1 Kg6 24. Rc1 Rb6 25. b3 a5 26. Ke2 Re5+ 27. Kd1 Kf6 28. Kc2 Rc6 29. Kb2 b5 30. Rcc2 Re4 31. Re2 Rg4 32. g3 Rg5 33. f4 Rd5 34. Red2 Rdc5 35. Rd3 g6 36. Re2 Rc7 37. Re4 Kf5 38. Red4 Kf6 39. Rd7 Kf5 40. Rxc7 Rxc7 41. a4 bxa4 42. bxa4 Kg4 43.
Kb3 Kf5 0-1

[Event "*** Titled Tuesday Blitz"]
[Site "Chess.com"]
[Date "2021.02.09"]
[Round "3"]
[White "kakorrhaphiophobie"]
[Black "Khnykin_Nikolay"]
[Result "1-0"]
[WhiteElo "2315"]
[BlackElo "2061"]
[TimeControl "180+1"]
[EndTime "10:28:51 PST"]
[Termination "kakorrhaphiophobie won on time"]

1. d4 Nf6 2. c4 c5 3. d5 b5 4. cxb5 a6 5. bxa6 Bxa6 6. Nc3 e6 7.
g3 d6 8. Bg2 Bb7 9. Nh3 Be7 10.
O-O Qd7 11. dxe6 fxe6 12. Bxb7 Qxb7 13. Nf4 Qd7 14. e4 O-O 15. Qb3 Kf7 16. e5 dxe5 17. Rd1 Qc6 18. Nd3 Bd6 19. Qc4 Nbd7 20. Be3 Nb6 21.
Qb5 Qxb5 22. Nxb5 Bb8 23. Bxc5 Re8 24. Bxb6 Ra6 25. Be3 Rc6 26. Rdc1 Rec8 27. Rxc6 Rxc6 28. Rc1 Rxc1+ 29. Nxc1 e4 30. a4 Nd7 31. b3 Ke8 32.
Ne2 Kd8 33. Nec3 Nf6 34. Kf1 Kc8 35. Bd4 1-0

[Event "*** Titled Tuesday Blitz"]
[Site "Chess.com"]
[Date "2021.02.09"]
[Round "3"]
[White "Rsnr"]
[Black "CheckThis4"]
[Result "1/2-1/2"]
[WhiteElo "2767"]
[BlackElo "2587"]
[TimeControl "180+1"]
[EndTime "10:28:52 PST"]
[Termination "Game drawn by agreement"]

1. d4 e6 2. c4 f5 3. Nc3 Nf6 4. Qc2 Bb4 5. e3 O-O 6. Bd3 b6 7. Ne2 Bb7 8. f3 c5 9. a3 Bxc3+ 10. Qxc3 Nc6 11. O-O Qe7 12. b3 Rac8 13. Bb2 d5 14. dxc5 Qxc5 15. Nd4 dxc4 16. Bxc4 Nxd4 17. Qxd4 Kf7 18.
Rfd1 Qxd4 19. Bxd4 Rfd8 20. Kf2 Bd5 21. Ba6 Rc2+ 22.
Kg3 Bxb3 23. Bxf6 Rxd1 24. Rxd1 gxf6 25. Rd7+ Kg6 26. Rxa7 Rc3 27. Kf2 Rc2+ 28. Kg3 Rc3 29. Bb5 Rxe3 30. a4 e5 31. Be8+ Kh6 32. Bd7 f4+ 33. Kh3 Rd3 34. Bb5 Be6+ 35. Kh4 Rd8 36.
Rb7 Rd6 1/2-1/2

[Event "*** Titled Tuesday Blitz"]
[Site "Chess.com"]
[Date "2021.02.09"]
[Round "3"]
[White "vugarrasulov"]
[Black "djano"]
[Result "1-0"]
[WhiteElo "2752"]
[BlackElo "2478"]
[TimeControl "180+1"]
[EndTime "10:28:52 PST"]
[Termination "vugarrasulov won by resignation"]

1. e4 c5 2. Nf3 Nc6 3. d4 cxd4 4.
Nxd4 g6 5. Nc3 Bg7 6. Be3 Nf6 7. Bc4 O-O 8. Bb3 Re8 9. f3 e6 10. f4 e5 11. fxe5 Nxe5 12. O-O Neg4 13. Bg5 h6 14. Bh4 Ne3 15. Qf3 Nxf1 16. Rxf1 g5 17. Bg3 Qb6 18. Bf2 d5 19. Nf5 dxe4 20. Nxe4 Bxf5 21. Bxb6 Bxe4 22.
Qc3 Nd5 23. Qh3 axb6 24. Qd7 Re7 25. Qd6 Bd4+ 26. Kh1 Re6 27. Qd7 Re7 28. Qd6 Re6 29. Qg3 Nf4 30. Rxf4 Be5 31. Bxe6 fxe6 32. Qb3 Bd5 33. c4 Bxf4 34. cxd5 Rc8 35. g3 Bd6 36.
dxe6 Be7 37. Qxb6 Rc1+ 38. Kg2 Rc2+ 39. Kf3 Bf6 40. Qxb7 Rxb2 41. Qf7+ 1-0

[Event "*** Titled Tuesday Blitz"]
[Site "Chess.com"]
[Date "2021.02.09"]
[Round "3"]
[White "elohunter1999"]
[Black "smshk35"]
[Result "1-0"]
[WhiteElo "2665"]
[BlackElo "2428"]
[TimeControl "180+1"]
[EndTime "10:28:52 PST"]
[Termination "elohunter1999 won by checkmate"]

1. d4 Nf6 2. c4 g6 3. f3 Bg7 4. e4 d6 5. Nc3 O-O 6. Be3 a6 7. Qd2 Nbd7 8. Nge2 b5 9. cxb5 axb5 10. Nxb5 e5 11. d5 Ba6 12. Nec3 Nh5 13. Bd3 f5 14. O-O f4 15. Bf2 g5 16. Rfc1 Bh6 17. Nd1 Rc8 18.
Na7 Bxd3 19. Qxd3 Ra8 20. Qc4 g4 21. fxg4 Ng3 22. Qxc7 Ne2+ 23. Kf1 Nxc1 24. Rxc1 f3 25. Qxd8 Rfxd8 26. Rc7 fxg2+ 27. Kxg2 Nf6 28. Bh4 Bg7 29. Nc6 Rf8 30. Ne7+ Kh8 31. Nf5 Nxe4 32. Nxg7 Rxa2 33. Nf5 Rg8 34. h3 Ra1 35. Nde3 h5 36. Rc4 Rb1 37.
Rxe4 Rxb2+ 38. Kf3 hxg4+ 39. hxg4 Rgb8 40. Rc4 R8b4 41. Rc8+ Kh7 42. Rc7+ Kh8 43. Bf6+ Kg8 44. Nh6+ Kf8 45.
Rc8# 1-0

[Event "*** Titled Tuesday Blitz"]
[Site "Chess.com"]
[Date "2021.02.09"]
[Round "3"]
[White "Gerodot71"]
[Black "zmeeed67"]
[Result "1-0"]
[WhiteElo "2520"]
[BlackElo "2320"]
[TimeControl "180+1"]
[EndTime "10:28:52 PST"]
[Termination "Gerodot71 won on time"]

1. d4 d5 2. c4 e6 3. Nf3 Nf6 4. g3 dxc4 5. Bg2 b5 6. Ne5 Nd5 7. e4 Nf6 8. a4 c6 9. Nc3 a6 10. O-O Bb7 11. Be3 Be7 12. g4 O-O 13.
g5 Nfd7 14. Nxd7 Nxd7 15. h4 b4 16. Ne2 c5 17. d5 exd5 18. exd5 Bd6 19. Ng3 Be5 20.
Qc2 c3 21. b3 Qc7 22. Nf5 Rfe8 23. d6 Qb6 24. Rad1 Bxg2 25. Kxg2 Qb7+ 26. Kg1 c4 27. f4 cxb3 28. Qxb3 c2 29. Qxc2 Bc3 30.
Ne7+ Kh8 31. Qf5 f6 32. h5 Rf8 33. Ng6+ Kg8 34. Ne7+ Kf7 35. g6+ 1-0

[Event "*** Titled Tuesday Blitz"]
[Site "Chess.com"]
[Date "2021.02.09"]
[Round "3"]
[White "mapleaff"]
[Black "DamianoLew95"]
[Result "0-1"]
[WhiteElo "2402"]
[BlackElo "2592"]
[TimeControl "180+1"]
[EndTime "10:28:53 PST"]
[Termination "DamianoLew95 won on time"]

1. e4 c5 2. Nf3 d6 3. d4 cxd4 4. Nxd4 Nf6 5. Nc3 Nc6 6. Bg5 e6 7. Qd2 a6 8. O-O-O Bd7 9. Bxf6 Qxf6 10. Nb3 Be7 11. Nc5 Bc8 12. N5a4 O-O 13. Nb6 Rb8 14. f4 Rd8 15. g4 g5 16. f5 Qe5 17. Bc4 Qc5 18. Nxc8 Rbxc8 19. Bb3 Na5 20. Rhf1 Nxb3+ 21. axb3 Qe5 22. h4 h6 23. h5 b5 24. Qf2 Qf4+ 25. Qxf4 gxf4 26. fxe6 fxe6 27. e5 dxe5 28. Ne4 Rxd1+ 29.
Kxd1 Kf7 30. c3 a5 31. Kc2 a4 32. bxa4 bxa4 33. Ra1 Ra8 0-1

[Event "*** Titled Tuesday Blitz"]
[Site "Chess.com"]
[Date "2021.02.09"]
[Round "3"]
[White "Eternauta2400"]
[Black "Supernotar"]
[Result "0-1"]
[WhiteElo "2386"]
[BlackElo "2791"]
[TimeControl "180+1"]
[EndTime "10:28:53 PST"]
[Termination "Supernotar won on time"]

1. e4 c6 2. d4 d5 3. Nc3 dxe4 4. Nxe4 Bf5 5. Ng3 Bg6 6. h4 h6 7. h5 Bh7 8. Nf3 Nd7 9. Bd3 Bxd3 10. Qxd3 e6 11.
Bd2 Ngf6 12. O-O-O Be7 13. Ne4 Nxe4 14. Qxe4 Nf6 15.
Qe2 Qd5 16. Kb1 Qe4 17. Rde1 Qxe2 18. Rxe2 O-O 19. Ne5 Rad8 20. c3 Nd7 21. g4 Nxe5 22.
Rxe5 Rd5 23. Rhe1 Rfd8 24. Kc2 Bf6 25. Rxd5 Rxd5 26. Be3 Kf8 27. b3 Ke8 28. f3 Rd7 29. Bf2 Be7 30. b4 Rd8 31. a3 b5 32. Bg3 Kd7 33. Kb3 a5 34. Kc2 Ra8 35. Kb2 a4 36. Re2 Rf8 37. Be5 f6 38. Bg3 f5 39. Rf2 Bd6 40.
Bxd6 Kxd6 41. Rg2 fxg4 42. Rxg4 Rxf3 43. Rxg7 Rf2+ 44. Kc1 Kd5 45. Rg6 Kc4 46. Rxe6 Kxc3 47. Rxc6+ Kb3 48. Rxh6 Kxa3 49. Rb6 Kxb4 50. h6 Rh2 51. d5 a3 52. Ra6 Kb3 53. Ra5 b4 54. d6 Rxh6 55. d7 Rd6 56. Ra7 Ka2 0-1

[Event "*** Titled Tuesday Blitz"]
[Site "Chess.com"]
[Date "2021.02.09"]
[Round "3"]
[White "garicradomir"]
[Black "Trickster_Pony"]
[Result "1-0"]
[WhiteElo "2213"]
[BlackElo "1490"]
[TimeControl "180+1"]
[EndTime "10:28:55 PST"]
[Termination "garicradomir won on time"]

1. e4 c5 2. Nf3 g6 3. d4 cxd4 4. Nxd4 Nc6 5. Nb3 Bg7 6. Nc3 Nf6 7. Be2 d6 8. O-O O-O 9. Re1 a6 10. a4 Nb4 11. Bf1 d5 12. exd5 Nbxd5 13. Nxd5 Qxd5 14. Qxd5 Nxd5 15. c4 Nc7 16. Bf4 Ne6 17. Be5 Bd7 18. Bxg7 Kxg7 19. a5 Bc6 20. Rxe6 fxe6 21. Nc5 Kf6 22.
Re1 e5 23. g3 Rac8 24. b4 Rfd8 25. Bh3 Rb8 26. f4 e4 27. Nxe4+ Bxe4 28. Rxe4 Rd1+ 29.
Kf2 Rb1 30. Re6+ Kf7 31. Rb6 Rc8 32. Bf1 Rc7 33. c5 Rb2+ 34. Be2 Rd7 35. Ke3 Rb3+ 36. Ke4 e6 37. Bc4 1-0

[Event "*** Titled Tuesday Blitz"]
[Site "Chess.com"]
[Date "2021.02.09"]
[Round "3"]
[White "Nils_03"]
[Black "azikom"]
[Result "0-1"]
[WhiteElo "2326"]
[BlackElo "2647"]
[TimeControl "180+1"]
[EndTime "10:28:55 PST"]
[Termination "azikom won by resignation"]

1. e4 c5 2. f4 d6 3. Nf3 g6 4. Bb5+ Bd7 5. Bxd7+ Nxd7 6. O-O Bg7 7. d3 Ngf6 8. Nc3 O-O 9. Kh1 Rb8 10. a4 a6 11. f5 b5 12. axb5 axb5 13. Ne2 c4 14.
Bd2 cxd3 15. cxd3 Qb6 16. Bc3 b4 17. Bd4 Qb5 18. fxg6 hxg6 19. Qd2 Rfc8 20. Rfc1 Nc5 21. Bxc5 Rxc5 22. Rxc5 Qxc5 23. Rc1 Qf2 24. Qe1 Qe3 25. Qd2 Qf2 26. Qe1 Ng4 27. h3 Qxe1+ 28. Nxe1 Ne5 29. Rc7 Ra8 30. Kh2 Ra1 31. Rc1 Rxc1 32. Nxc1 Nc6 33. b3 Bc3 34. Nc2 e6 35. Kg3 Kg7 36. Kf2 f5 37. exf5 exf5 38. Ke2 Kf6 39. Na2 Ke5 40. Nxc3 bxc3 41. g4 fxg4 42. hxg4 d5 43. Ke3 d4+ 44.
Kf3 Na7 45. b4 Nb5 46. Ne1 Na3 47. Ke2 Kf4 48. Kd1 Kxg4 49. Nc2 Nb5 50. Ke2 Kf4 51. Kf2 g5 52. Kg2 g4 53. Kf2 g3+ 54. Kg2 Kg4 55.
Ne1 Na3 56. Nf3 c2 0-1

[Event "*** Titled Tuesday Blitz"]
[Site "Chess.com"]
[Date "2021.02.09"]
[Round "3"]
[White "DinaBelenkaya"]
[Black "chessasuke"]
[Result "0-1"]
[WhiteElo "2369"]
[BlackElo "2554"]
[TimeControl "180+1"]
[EndTime "10:28:56 PST"]
[Termination "chessasuke won on time"]

1. e4 e6 2. Qe2 c5 3. Nf3 Nc6 4. g3 g6 5. Bg2 Bg7 6. c3 Nge7 7. h4 h6 8. d4 cxd4 9. cxd4 Nxd4 10. Nxd4 Bxd4 11.
O-O Bg7 12. Rd1 O-O 13. Nc3 a6 14. Bf4 e5 15. Be3 d6 16. Qd2 Bg4 17. f3 Be6 18.
Qxd6 Nc6 19. Qxd8 Rfxd8 20. Nd5 Bxd5 21. exd5 Nb4 22. Rac1 Nxd5 23. Bf2 f5 24. Bf1 Nf6 25. Bb6 Rxd1 26. Rxd1 Rc8 27. b3 Kf7 28. Bc4+ Ke7 29.
Kf2 Nd7 30. Ba5 b5 31. Bb4+ Nc5 32. Be2 Bf8 33. Rd5 Ke6 34. Rd2 Nd3+ 35. Bxd3 Bxb4 36. Re2 Bc5+ 37. Kg2 Bd4 38. g4 Rc3 39. gxf5+ gxf5 40. Bb1 Be3 41. Bc2 b4 42. Kf1 a5 43. Kg2 Kf6 44. Kh3 Ke6 45. Rg2 Bf4 46. Rg6+ Kd5 47. Bxf5 Rxf3+ 48. Kg2 e4 49. Rg8 Re3 50. Rd8+ Ke5 51.
Bh7 Re2+ 52. Kf1 Re3 53. Re8+ Kd4 54. Rf8 Bg3 55. Kg2 Bxh4 56. Rd8+ Kc3 57. Ra8 Re2+ 58. Kh3 Bg5 59. Rxa5 e3 60. Kg4 Rg2+ 61. Kf3 Rf2+ 62. Kg3 Bf4+ 63. Kg4 e2 64. Rc5+ Kb2 0-1

[Event "*** Titled Tuesday Blitz"]
[Site "Chess.com"]
[Date "2021.02.09"]
[Round "3"]
[White "MattyDPerrine"]
[Black "queen_iryna"]
[Result "1-0"]
[WhiteElo "2485"]
[BlackElo "2339"]
[TimeControl "180+1"]
[EndTime "10:28:56 PST"]
[Termination "MattyDPerrine won by resignation"]

1. e4 d6 2. d4 Nf6 3. Nc3 e5 4. Nf3 Nbd7 5. Bc4 Be7 6. O-O O-O 7. a4 c6 8. Re1 h6 9. a5 Re8 10. h3 Bf8 11. Be3 exd4 12. Nxd4 Qc7 13. f3 b5 14.
axb6 Nxb6 15. Bf1 d5 16. exd5 Nbxd5 17. Nxd5 Nxd5 18. Bf2 Bd7 19. Rxe8 Rxe8 20. Qd2 Bd6 21. Ne2 Nf4 22. Rxa7 Nxe2+ 23. Bxe2 Bh2+ 24. Kf1 Qe5 25. Rxd7 Qxb2 26. Rd8 Qb1+ 27. Bd1 Rxd8 28. Qxd8+ Kh7 29.
Qd3+ g6 30. g3 Qb8 31. Kg2 c5 32. Kxh2 c4 33. Qd4 Qc7 34. Kg2 c3 35. Be1 Qc6 36.
Bxc3 1-0

[Event "*** Titled Tuesday Blitz"]
[Site "Chess.com"]
[Date "2021.02.09"]
[Round "3"]
[White "Nesty_Javi_Chess"]
[Black "Kotofeyca"]
[Result "0-1"]
[WhiteElo "2636"]
[BlackElo "2435"]
[TimeControl "180+1"]
[EndTime "10:28:58 PST"]
[Termination "Kotofeyca won on time"]

1. e4 c5 2. Nf3 d6 3. d4 cxd4 4. Nxd4 Nf6 5. Nc3 a6 6. Bc4 e6 7. Bb3 Nbd7 8. Bg5 Nc5 9. f4 Be7 10. Qe2 Qc7 11. O-O-O O-O 12. Kb1 Nxb3 13. axb3 b5 14.
e5 Ne8 15. Bxe7 Qxe7 16. exd6 Nxd6 17. Nc6 Qc7 18. Qe5 Qxc6 19. Rxd6 Qxg2 20. Rdd1 f6 21. Qd6 Ra7 22. Rhg1 Qb7 23. Qd4 Qd7 24. Qb6 Qc7 25. Qe3 Qe7 26. Ne4 Rd7 27. Rde1 Rfd8 28. Nc5 Rd6 29. b4 Rd4 30. c3 Rd2 31. Qg3 e5 32.
fxe5 Bf5+ 33. Ka1 Bg6 34. exf6 Qxf6 0-1

[Event "*** Titled Tuesday Blitz"]
[Site "Chess.com"]
[Date "2021.02.09"]
[Round "3"]
[White "LamaChampetre"]
[Black "MFguimaraes"]
[Result "1-0"]
[WhiteElo "2236"]
[BlackElo "2409"]
[TimeControl "180+1"]
[EndTime "10:28:59 PST"]
[Termination "LamaChampetre won by checkmate"]

1. d4 d5 2. c4 e6 3. Nf3 Nf6 4.
g3 Be7 5. Bg2 O-O 6. O-O dxc4 7.
Ne5 Nc6 8. Bxc6 bxc6 9. Nxc6 Qe8 10. Nxe7+ Qxe7 11. Qa4 Rd8 12. Qxc4 a5 13. Nc3 Ba6 14. Qc5 Qd7 15. Bf4 Nd5 16. Nxd5 exd5 17. Rfe1 Rab8 18. Qxa5 Rb6 19. Rac1 Bc4 20. b3 Ra6 21. Qxc7 Bb5 22. a4 Bc6 23. Qxd7 Bxd7 24. Rc5 Be6 25. Rec1 g6 26.
f3 Kg7 27. Be5+ f6 28. Rc7+ Rd7 29. Rxd7+ Bxd7 30. Rc7 fxe5 31. Rxd7+ Kf6 32. Rxd5 exd4 33. Rxd4 Rc6 34. Rd3 Rc1+ 35. Kf2 Ra1 36. h4 Ke5 37. Re3+ Kd4 38. Re4+ Kd5 39. g4 Rh1 40. g5 Rb1 41.
Re3 Kd4 42. Re7 Rh1 43. Rxh7 Rh2+ 44. Ke1 Kc3 45. f4 Kxb3 46. f5 Rh1+ 47. Kf2 gxf5 48. g6 Rh2+ 49. Ke3 Rg2 50. g7 Kxa4 51. h5 Kb5 52. h6 Kc6 53. Rh8 f4+ 54. Kxf4 Rxe2 55. g8=Q Rf2+ 56. Ke3 Rf6 57. Qc8+ Kd6 58. Qd8+ Ke5 59.
Re8+ Re6 60. Rxe6+ Kxe6 61. h7 Kf7 62. Qg8+ Ke7 63.
h8=Q Kd6 64. Qh6+ Kc5 65. Qgg5+ Kb4 66. Ke4 Kc3 67. Ke5 Kd3 68. Ke6 Ke4 69. Qhh4+ Kf3 70.
Qgg3+ Ke2 71. Qhh2+ Kf1 72. Qgg1# 1-0

[Event "*** Titled Tuesday Blitz"]
[Site "Chess.com"]
[Date "2021.02.09"]
[Round "3"]
[White "Kislov_Oleg"]
[Black "Cuajada_Zero"]
[Result "1-0"]
[WhiteElo "2482"]
[BlackElo "2207"]
[TimeControl "180+1"]
[EndTime "10:29:00 PST"]
[Termination "Kislov_Oleg won on time"]

1. e4 c6 2. d4 d5 3. Nc3 dxe4 4. Nxe4 Nf6 5. Nxf6+ exf6 6. c3 Bd6 7. Bd3 O-O 8. Qc2 Re8+ 9. Ne2 Kh8 10. Be3 Nd7 11.
O-O-O Nf8 12. Kb1 Be6 13. Nc1 b5 14. Rhg1 a5 15. g4 Qd7 16. g5 f5 17. h4 g6 18.
h5 Bd5 19. Bd2 Bf3 20. Rde1 Bxh5 21. Nb3 Bf3 22. Re3 Rxe3 23. Bxe3 a4 24. Nc5 Bxc5 25. dxc5 Rd8 26. Bd4+ Kg8 27. Rg3 Bd5 28. Bf6 Re8 29. Re3 Rxe3 30. fxe3 Qe6 31. Qf2 Nd7 32. Bd4 Bxa2+ 33.
Kc1 f6 34. gxf6 Kf7 35. Qh4 Kg8 36. f7+ Qxf7 37. Qd8+ Nf8 38. Qd6 Nd7 39. Qxc6 Bc4 40. Qc8+ Nf8 41. Bc2 Bb3 42. Qb8 Bxc2 43. Qe5 1-0

[Event "*** Titled Tuesday Blitz"]
[Site "Chess.com"]
[Date "2021.02.09"]
[Round "3"]
[White "MasterMK73"]
[Black "guillembaches"]
[Result "1-0"]
[WhiteElo "2240"]
[BlackElo "2420"]
[TimeControl "180+1"]
[EndTime "10:29:00 PST"]
[Termination "MasterMK73 won on time"]

1. e4 c5 2. Nf3 Nc6 3. Bb5 g6 4.
O-O Bg7 5. Re1 e5 6. c3 Nge7 7. d4 exd4 8. cxd4 cxd4 9. e5 a6 10. Bc4 b5 11. Bf1 O-O 12. Bf4 Qb6 13. Na3 Bb7 14.
Nc2 Nd5 15. Bg3 Ndb4 16. Nxb4 Nxb4 17. Nxd4 Rac8 18. a3 Nd5 19. Nf3 Rfe8 20. Bd3 Ne7 21. h4 h6 22. h5 g5 23. Bc2 Bxf3 24. gxf3 Nc6 25. Qd3 Nd4 26. Qh7+ Kf8 27. Be4 Nb3 28. Rad1 Nd4 29. f4 g4 30. f5 f6 31. Bd5 Re6 32. fxe6 dxe6 33. exf6 Bxf6 34. Qxh6+ Bg7 35. Qf4+ Kg8 36.
Rxd4 Qxd4 37. Bxe6+ 1-0

[Event "*** Titled Tuesday Blitz"]
[Site "Chess.com"]
[Date "2021.02.09"]
[Round "3"]
[White "exoticprincess"]
[Black "ENajer77"]
[Result "1-0"]
[WhiteElo "2849"]
[BlackElo "2618"]
[TimeControl "180+1"]
[EndTime "10:29:01 PST"]
[Termination "exoticprincess won by resignation"]

1. d4 Nf6 2. Nc3 d5 3. Bf4 Bf5 4. f3 e6 5. g4 Bg6 6. h4 h5 7. g5 Nfd7 8. e3 a6 9. Bd3 Bxd3 10.
cxd3 c5 11. dxc5 Bxc5 12. d4 Be7 13. Nge2 Nc6 14. Rc1 Rc8 15. O-O O-O 16. Bg3 Nb6 17. b3 Ba3 18. Rc2 Bd6 19. Kg2 Ne7 20. Bf2 Ng6 21. Qd3 Nd7 22. e4 dxe4 23. fxe4 Bb8 24. Qf3 b5 25. Rfc1 Bd6 26. Nd1 Rxc2 27. Rxc2 f5 28.
Qxh5 Qa8 29. d5 Nde5 30. Ne3 f4 31. Ng4 f3+ 32. Kg1 fxe2 33. Nxe5 Nxe5 34. g6 Nxg6 35. Qxg6 Rf6 36. Qg4 exd5 37. Rc8+ Qxc8 38. Qxc8+ Kh7 39. exd5 Be5 40. Qc2+ 1-0